TOP OF THE 1ST |
Mancelona Torch batting - Pitching for Tennessee Smokies : RHP Ben Kemp
|
Pitching: RHP Ben Kemp
|
|
Batting: RHB Paul Sykes
|
0-0: Foul Ball, location: 2F 0-1: SINGLE (Groundball, 3D, EV 105.0 MPH)
|
Batting: RHB Carlos Vélez
|
0-0: Fly out, F8 (Flyball, 8LM, EV 82.5 MPH)
|
Pitching: LHP Richard Nudelman
|
|
Batting: RHB Rubén Jusino
|
0-0: Grounds into double play, 6-4-3 (Groundball, 6, EV 81.9 MPH)
|
Top of the 1st over - 0 runs, 1 hit, 0 errors, 0 left on base; Mancelona 0 - Tennessee 0 |
BOTTOM OF THE 1ST |
Tennessee Smokies batting - Pitching for Mancelona Torch : LHP Marcos Lucero
|
Pitching: LHP Marcos Lucero
|
|
Batting: LHB Royce Rolls
|
0-0: Foul Ball, location: 2F 0-1: Fly out, F3 (Popup, 34, EV 74.4 MPH)
|
Batting: SHB Rafael Villa
|
0-0: Ball 1-0: Foul Ball, location: 2F 1-1: Foul Ball, location: 2F 1-2: Ball 2-2: Ball 3-2: Base on Balls
|
Batting: RHB Benigno Bachelay
|
0-0: Ball 1-0: Ball 2-0: SINGLE (Groundball, 34, EV 91.9 MPH) (infield hit) Rafael Villa to second
|
Pinch Runner at 1st Terjo Ridanpää:
|
|
Batting: RHB Darrell MacGregor
|
0-0: Fly out, F8 (Line Drive, 8RM, EV 94.4 MPH)
|
Batting: LHB Vance Lee
|
0-0: Ball 1-0: Foul Ball, location: 2F 1-1: Fly out, F8 (Flyball, 8LM, EV 80.6 MPH)
|
Bottom of the 1st over - 0 runs, 1 hit, 0 errors, 2 left on base; Mancelona 0 - Tennessee 0 |
TOP OF THE 2ND |
Mancelona Torch batting - Pitching for Tennessee Smokies : LHP Richard Nudelman
|
Now at SS: Jack Davis
|
|
Batting: LHB Diego Alejandro Ureña
|
0-0: SINGLE (Line Drive, 8LS, EV 98.1 MPH)
|
Pitching: RHP Lang Chen
|
|
Batting: RHB Joel Fagliano
|
0-0: Ball 1-0: Called Strike 1-1: Swinging Strike 1-2: Foul Ball, location: 2F 1-2: Ball 2-2: Strikes out swinging
|
Batting: RHB Wayne Haylock
|
0-0: Foul Ball, location: 2F 0-1: Ball 1-1: Called Strike 1-2: Foul Ball, location: 2F 1-2: Ball 2-2: DOUBLE (Line Drive, 3D, EV 100.6 MPH) Diego Alejandro Ureña to third
|
Batting: RHB Kuan Ru
|
0-0: Called Strike 0-1: Swinging Strike 0-2: Foul Ball, location: 2F 0-2: Foul Ball, location: 2F 0-2: Ball 1-2: Strikes out looking
|
Batting: RHB Glen Stockhill
|
0-0: Ball 1-0: Swinging Strike 1-1: Called Strike 1-2: Foul Ball, location: 2F 1-2: Strikes out swinging
|
Top of the 2nd over - 0 runs, 2 hits, 0 errors, 2 left on base; Mancelona 0 - Tennessee 0 |
BOTTOM OF THE 2ND |
Tennessee Smokies batting - Pitching for Mancelona Torch : LHP Marcos Lucero
|
Batting: RHB Dae-jin Dokgo
|
0-0: Ball 1-0: Ball 2-0: Called Strike 2-1: SINGLE (Groundball, 4D, EV 104.4 MPH)
|
Batting: RHB Yoshitora Nakayama
|
0-0: Ball 1-0: Called Strike 1-1: Foul Ball, location: 2F 1-2: Fly out, F8 (Flyball, 8RM, EV 85.0 MPH)
|
Batting: LHB Jason Durkin
|
0-0: Ball 1-0: Foul Ball, location: 2F 1-1: Ball 2-1: Ball 3-1: Base on Balls Dae-jin Dokgo to second
|
Batting: RHB Dave Dickey
|
0-0: Fielders Choice at 2nd, 6-4 (Groundball, 6, EV 90.0 MPH) Dae-jin Dokgo to third
|
Batting: LHB Royce Rolls
|
0-0: Ball 1-0: Ball 2-0: Ball 3-0: Called Strike 3-1: SINGLE (Groundball, 4M, EV 100.0 MPH) (infield hit) Dae-jin Dokgo scores Dave Dickey to second
|
Batting: SHB Rafael Villa
|
0-0: Foul Ball, location: 2F 0-1: Ground out 4-3 (Groundball, 4, EV 84.4 MPH)
|
Bottom of the 2nd over - 1 run, 2 hits, 0 errors, 2 left on base; Mancelona 0 - Tennessee 1 |
TOP OF THE 3RD |
Mancelona Torch batting - Pitching for Tennessee Smokies : RHP Lang Chen
|
Batting: RHB Francisco Rocha
|
0-0: Ground out 5-3 (Groundball, 56, EV 89.4 MPH)
|
Batting: RHB Paul Sykes
|
0-0: Ball 1-0: Ball 2-0: Fly out, F7 (Flyball, 7S, EV 92.5 MPH)
|
Batting: RHB Carlos Vélez
|
0-0: Ball 1-0: Ball 2-0: Foul Ball, location: 2F 2-1: Swinging Strike 2-2: Strikes out swinging
|
Top of the 3rd over - 0 runs, 0 hits, 0 errors, 0 left on base; Mancelona 0 - Tennessee 1 |
BOTTOM OF THE 3RD |
Tennessee Smokies batting - Pitching for Mancelona Torch : LHP Marcos Lucero
|
Batting: RHB Jack Davis
|
0-0: Swinging Strike 0-1: Called Strike 0-2: SINGLE (Flyball, 89S, EV 87.5 MPH)
|
Batting: RHB Darrell MacGregor
|
0-0: Called Strike 0-1: Ball 1-1: Grounds into double play, 4-6-3 (Groundball, 4, EV 88.1 MPH)
|
Batting: LHB Vance Lee
|
0-0: Called Strike 0-1: Ball 1-1: Ball 2-1: Ball 3-1: Base on Balls
|
Batting: RHB Dae-jin Dokgo
|
0-0: Fly out, F7 (Flyball, 7S, EV 91.2 MPH)
|
Bottom of the 3rd over - 0 runs, 1 hit, 0 errors, 1 left on base; Mancelona 0 - Tennessee 1 |
TOP OF THE 4TH |
Mancelona Torch batting - Pitching for Tennessee Smokies : RHP Lang Chen
|
Batting: RHB Rubén Jusino
|
0-0: Called Strike 0-1: Swinging Strike 0-2: Ground out 1-3 (Groundball, 15S, EV 69.4 MPH)
|
Batting: LHB Diego Alejandro Ureña
|
0-0: Ball 1-0: Ball 2-0: Foul Ball, location: 2F 2-1: Ball 3-1: Base on Balls
|
Batting: RHB Joel Fagliano
|
0-0: Ball 1-0: Foul Ball, location: 2F 1-1: Ball 2-1: Swinging Strike 2-2: DOUBLE (Flyball, 8RXD, EV 107.5 MPH) Diego Alejandro Ureña to third
|
Batting: RHB Wayne Haylock
|
0-0: Ball 1-0: Ball 2-0: Foul Ball, location: 2F 2-1: Foul Ball, location: 2F 2-2: Strikes out swinging
|
Batting: RHB Kuan Ru
|
0-0: Swinging Strike 0-1: Foul Ball, location: 2F 0-2: Ball 1-2: Ball 2-2: Strikes out looking
|
Top of the 4th over - 0 runs, 1 hit, 0 errors, 2 left on base; Mancelona 0 - Tennessee 1 |
BOTTOM OF THE 4TH |
Tennessee Smokies batting - Pitching for Mancelona Torch : LHP Marcos Lucero
|
Batting: RHB Yoshitora Nakayama
|
0-0: Foul Ball, location: 2F 0-1: Fly out, F9 (Flyball, 9, EV 88.1 MPH)
|
Batting: LHB Jason Durkin
|
0-0: Ball 1-0: Ball 2-0: Ball 3-0: Base on Balls
|
Batting: RHB Dave Dickey
|
0-0: Foul Ball, location: 2F 0-1: Foul Ball, location: 2F 0-2: Strikes out swinging
|
Batting: LHB Royce Rolls
|
0-0: Fly out, F8 (Flyball, 8RM, EV 97.5 MPH)
|
Bottom of the 4th over - 0 runs, 0 hits, 0 errors, 1 left on base; Mancelona 0 - Tennessee 1 |
TOP OF THE 5TH |
Mancelona Torch batting - Pitching for Tennessee Smokies : RHP Lang Chen
|
Batting: RHB Glen Stockhill
|
0-0: Ground out 3-1 (Groundball, 34, EV 85.0 MPH)
|
Batting: RHB Francisco Rocha
|
0-0: Ball 1-0: Swinging Strike 1-1: Ball 2-1: Ball 3-1: Base on Balls
|
Batting: RHB Paul Sykes
|
0-0: Fly out, F8 (Line Drive, 8RD, EV 90.6 MPH)
|
Batting: RHB Carlos Vélez
|
0-0: Called Strike 0-1: Ball 1-1: Ball 2-1: Foul Ball, location: 2F 2-2: Strikes out swinging
|
Top of the 5th over - 0 runs, 0 hits, 0 errors, 1 left on base; Mancelona 0 - Tennessee 1 |
BOTTOM OF THE 5TH |
Tennessee Smokies batting - Pitching for Mancelona Torch : LHP Marcos Lucero
|
Batting: SHB Rafael Villa
|
0-0: Ground out 6-3 (Groundball, 6, EV 88.8 MPH)
|
Batting: RHB Jack Davis
|
0-0: Called Strike 0-1: Foul Ball, location: 2F 0-2: Ball 1-2: Foul Ball, location: 2F 1-2: Foul Ball, location: 2F 1-2: Foul Ball, location: 2F 1-2: Strikes out looking
|
Batting: RHB Darrell MacGregor
|
0-0: Ball 1-0: SINGLE (Groundball, 3D, EV 103.8 MPH)
|
Batting: LHB Vance Lee
|
0-0: Foul Ball, location: 2F 0-1: Ball 1-1: Ball 2-1: Ball 3-1: Foul Ball, location: 2F 3-2: Base on Balls Darrell MacGregor to second
|
Batting: RHB Dae-jin Dokgo
|
0-0: TRIPLE (Line Drive, 89XD, EV 103.8 MPH) Darrell MacGregor scores Vance Lee scores
|
Batting: RHB Yoshitora Nakayama
|
0-0: Ball 1-0: Fly out, F9 (Flyball, 9, EV 93.1 MPH)
|
Bottom of the 5th over - 2 runs, 2 hits, 0 errors, 1 left on base; Mancelona 0 - Tennessee 3 |
TOP OF THE 6TH |
Mancelona Torch batting - Pitching for Tennessee Smokies : RHP Lang Chen
|
Batting: RHB Rubén Jusino
|
0-0: Swinging Strike 0-1: Foul Ball, location: 2F 0-2: Strikes out swinging, 2-3 out at first.
|
Pitching: RHP Richard Tipton
|
|
Batting: LHB Diego Alejandro Ureña
|
0-0: Swinging Strike 0-1: Called Strike 0-2: Ball 1-2: Ball 2-2: Strikes out swinging
|
Batting: RHB Joel Fagliano
|
0-0: Called Strike 0-1: Ground out 6-3 (Groundball, 6, EV 81.2 MPH)
|
Top of the 6th over - 0 runs, 0 hits, 0 errors, 0 left on base; Mancelona 0 - Tennessee 3 |
BOTTOM OF THE 6TH |
Tennessee Smokies batting - Pitching for Mancelona Torch : LHP Marcos Lucero
|
Batting: LHB Jason Durkin
|
0-0: Ball 1-0: Foul Ball, location: 2F 1-1: Foul Ball, location: 2F 1-2: Foul Ball, location: 2F 1-2: Strikes out swinging
|
Batting: RHB Dave Dickey
|
0-0: Ball 1-0: Called Strike 1-1: Ball 2-1: Ground out 3-1 (Groundball, 34, EV 87.5 MPH)
|
Batting: LHB Royce Rolls
|
0-0: Called Strike 0-1: Called Strike 0-2: Ball 1-2: Ball 2-2: Ground out 5-3 (Groundball, 56, EV 102.5 MPH)
|
Bottom of the 6th over - 0 runs, 0 hits, 0 errors, 0 left on base; Mancelona 0 - Tennessee 3 |
TOP OF THE 7TH |
Mancelona Torch batting - Pitching for Tennessee Smokies : RHP Richard Tipton
|
Batting: RHB Wayne Haylock
|
0-0: Ball 1-0: Ball 2-0: Foul Ball, location: 2F 2-1: Called Strike 2-2: Foul Ball, location: 2F 2-2: Foul Ball, location: 2F 2-2: Foul Ball, location: 2F 2-2: Strikes out swinging
|
Batting: RHB Kuan Ru
|
0-0: SINGLE (Groundball, 6MD, EV 104.4 MPH)
|
Batting: RHB Glen Stockhill
|
0-0: Ball 1-0: Foul Ball, location: 2F 1-1: Ball 2-1: Ball 3-1: Swinging Strike 3-2: Ground out 5-3 (Groundball, 56D, EV 80.0 MPH) Kuan Ru to second
|
Batting: RHB Francisco Rocha
|
0-0: SINGLE (Groundball, 4M, EV 87.5 MPH) (infield hit) Kuan Ru to third
|
Batting: RHB Paul Sykes
|
0-0: Called Strike 0-1: Ball 1-1: Ball 2-1: Foul Ball, location: 2F 2-2: Fly out, F9 (Flyball, 9LS, EV 93.8 MPH)
|
Top of the 7th over - 0 runs, 2 hits, 0 errors, 2 left on base; Mancelona 0 - Tennessee 3 |
BOTTOM OF THE 7TH |
Tennessee Smokies batting - Pitching for Mancelona Torch : LHP Marcos Lucero
|
Batting: SHB Rafael Villa
|
0-0: Fly out, F8 (Flyball, 8RD, EV 100.0 MPH)
|
Batting: RHB Jack Davis
|
0-0: Foul Ball, location: 2F 0-1: Fly out, F9 (Line Drive, 9D, EV 83.8 MPH)
|
Batting: RHB Darrell MacGregor
|
0-0: Ball 1-0: Called Strike 1-1: Ball 2-1: Fly out, F8 (Line Drive, 8RD, EV 97.5 MPH)
|
Bottom of the 7th over - 0 runs, 0 hits, 0 errors, 0 left on base; Mancelona 0 - Tennessee 3 |
TOP OF THE 8TH |
Mancelona Torch batting - Pitching for Tennessee Smokies : RHP Richard Tipton
|
Batting: RHB Carlos Vélez
|
0-0: Ball 1-0: Ball 2-0: Called Strike 2-1: Called Strike 2-2: Foul Ball, location: 2F 2-2: Ball 3-2: Foul Ball, location: 2F 3-2: Foul Ball, location: 2F 3-2: Base on Balls
|
Batting: RHB Rubén Jusino
|
0-0: Fly out, F8 (Flyball, 8RS, EV 86.9 MPH)
|
Batting: LHB Diego Alejandro Ureña
|
0-0: Ball 1-0: Fly out, F4 (Line Drive, 4, EV 70.6 MPH)
|
Batting: RHB Joel Fagliano
|
0-0: Foul Ball, location: 2F 0-1: Swinging Strike 0-2: Strikes out swinging
|
Top of the 8th over - 0 runs, 0 hits, 0 errors, 1 left on base; Mancelona 0 - Tennessee 3 |
BOTTOM OF THE 8TH |
Tennessee Smokies batting - Pitching for Mancelona Torch : LHP Marcos Lucero
|
Batting: LHB Vance Lee
|
0-0: Called Strike 0-1: Foul Ball, location: 2F 0-2: Foul Ball, location: 2F 0-2: Ball 1-2: Strikes out swinging
|
Pitching: RHP Will Smiley
|
|
Batting: RHB Dae-jin Dokgo
|
0-0: Ground out 4-3 (Groundball, 34, EV 80.6 MPH)
|
Batting: RHB Yoshitora Nakayama
|
0-0: Called Strike 0-1: Ball 1-1: Called Strike 1-2: Strikes out looking
|
Bottom of the 8th over - 0 runs, 0 hits, 0 errors, 0 left on base; Mancelona 0 - Tennessee 3 |
TOP OF THE 9TH |
Mancelona Torch batting - Pitching for Tennessee Smokies : RHP Richard Tipton
|
Pitching: RHP Harold Hunter
|
|
Batting: RHB Wayne Haylock
|
0-0: Foul Ball, location: 2F 0-1: Called Strike 0-2: Strikes out swinging
|
Batting: RHB Kuan Ru
|
0-0: Called Strike 0-1: Ground out 1-3 (Groundball, P, EV 84.4 MPH)
|
Batting: RHB Glen Stockhill
|
0-0: Ball 1-0: Foul Ball, location: 2F 1-1: Called Strike 1-2: Strikes out swinging, 2-3 out at first.
|
Top of the 9th over - 0 runs, 0 hits, 0 errors, 0 left on base; Mancelona 0 - Tennessee 3 |
|